General information
- name: towa
- type: Custom game
- host: PLEASEDONTGO
- saver: PLEASEDONTGO
map: EchoIsles
- players: 3
- length: 13:33
- speed: Fast
- version: 1.23 W3XP
- replay type: Public
» download(45 KB)
Players
team 1 (winner)
PLEASEDONTGO (
red | 124 APM | 1688 actions | 13:33)
4 Blademaster
2 Wind Walk
2 Critical Strike
3 Shadow Hunter
1 Hex
2 Healing Wave
» actions
| Assign group hotkey | 24 | |
| Basic commands | 18 | |
| Build / train | 48 | |
| ESC pressed | 1 | |
| Enter build submenu | 14 | |
| Enter hero's abilities submenu | 7 | |
| Give item / drop item | 2 | |
| Right click | 508 | |
| Select / deselect | 138 | |
| Select group hotkey | 877 | |
| Use ability | 51 | |
1688 total
» units
» upgrades
| Berserker Strength | 1 | |
| Ensnare | 1 | |
| Spirit Walker Training | 1 | |
3 total
» buildings
| Altar of Storms | 1 | |
| Orc Burrow | 6 | |
| Barracks | 1 | |
| Voodoo Lounge | 1 | |
| Stronghold | 1 | |
| Beastiary | 1 | |
| Fortress | 2 | |
| Spirit Lodge | 1 | |
14 total
» build order
00:04 Altar of Storms
00:21 Orc Burrow
00:36 Barracks
01:41 Orc Burrow
01:52 Voodoo Lounge
03:17 Stronghold
03:57 Orc Burrow
06:09 Orc Burrow
06:12 Beastiary
07:55 Fortress
07:55 Fortress
11:45 Spirit Lodge
13:19 Orc Burrow
13:23 Orc Burrow
» items
| Circlet of Nobility | 3 | |
| Boots of Speed | 1 | |
| Healing Salve | 1 | |
| Claws of Attack +6 | 1 | |
6 total
team 2 (loser)
aE.GatoRade.SUX (
blue | 79 APM | 1070 actions | 13:30)
3 Death Knight
2 Death Coil
1 Unholy Aura
1 Lich
1 Frost Nova
» actions
| Assign group hotkey | 22 | |
| Basic commands | 17 | |
| Build / train | 34 | |
| ESC pressed | 2 | |
| Enter build submenu | 13 | |
| Enter hero's abilities submenu | 4 | |
| Right click | 418 | |
| Select / deselect | 322 | |
| Select group hotkey | 192 | |
| Use ability | 46 | |
1070 total
» units
| Acolyte | 2 | |
| Ghoul | 3 | |
| Crypt Fiend | 11 | |
| Obsidian Statue | 1 | |
17 total
» upgrades
| Creature Carapace | 1 | |
| Burrow | 1 | |
2 total
» buildings
| Graveyard | 1 | |
| Crypt | 1 | |
| Altar of Darkness | 1 | |
| Ziggurat | 4 | |
| Tomb of Relics | 1 | |
| Nerubian Tower | 1 | |
| Halls of the Dead | 1 | |
| Slaughterhouse | 1 | |
| Black Citadel | 1 | |
12 total
» build order
00:14 Graveyard
00:18 Crypt
00:42 Altar of Darkness
00:57 Ziggurat
01:29 Tomb of Relics
02:00 Ziggurat
02:12 Nerubian Tower
04:11 Halls of the Dead
05:04 Ziggurat
05:49 Ziggurat
06:43 Slaughterhouse
08:55 Black Citadel
» items
| Rod of Necromancy | 1 | |
| Dust of Appearance | 1 | |
| Scroll of Town Portal | 1 | |
| Potion of Healing | 2 | |
| Potion of Mana | 1 | |
6 total
refereesTIMG4STRok Chat log
(00:05 / All) aE.GatoRade.SUX: pause
(00:07 / All) aE.GatoRade.SUX: i need music
(00:07 / All) aE.GatoRade.SUX: ok
(02:21 / All) aE.GatoRade.SUX: i love this lag...
(03:02 / All) PLEASEDONTGO: FML
(03:05 / All) TIMG4STRok: why
(04:59 / All) TIMG4STRok: you guys
(05:04 / All) TIMG4STRok: are making really bad decisions
(06:43 / All) aE.GatoRade.SUX: om glag
(06:44 / All) aE.GatoRade.SUX: stop
(07:29 / All) TIMG4STRok: you got full mana and 3 hurt fiends, coil the worker
(07:39 / All) aE.GatoRade.SUX: im on the phone
(07:45 / All) aE.GatoRade.SUX: i dont need you tlaking
(07:59 / All) TIMG4STRok: trying to help a noob out
(08:05 / All) aE.GatoRade.SUX: shut up
(08:07 / All) aE.GatoRade.SUX: i was on the phone
(08:13 / All) TIMG4STRok: its ok jill messed up too
(08:15 / All) aE.GatoRade.SUX: and if you talk
(08:16 / All) aE.GatoRade.SUX: agian
(08:18 / All) aE.GatoRade.SUX: im leaving
(08:20 / All) TIMG4STRok: peace
(08:22 / All) TIMG4STRok: bye
(08:23 / All) TIMG4STRok: ragequit
(08:29 / All) aE.GatoRade.SUX: shut up seriously
(08:30 / All) aE.GatoRade.SUX: this si why
(08:34 / All) aE.GatoRade.SUX: you dont fucking
(08:37 / All) aE.GatoRade.SUX: ref shit
(10:02 / All) TIMG4STRok: lmao
(10:24 / All) TIMG4STRok: jill lost her blade creeping 20 seconds into the game
(10:25 / All) aE.GatoRade.SUX: next time
(10:27 / All) aE.GatoRade.SUX: dont fucking
(10:29 / All) TIMG4STRok: then didnt use grunts for half an hour
(10:30 / All) aE.GatoRade.SUX: ref jill
(10:34 / All) TIMG4STRok: dont blame this on ref
(10:36 / All) TIMG4STRok: you are really bad
(10:43 / All) aE.GatoRade.SUX: would you stop giving
(10:43 / All) TIMG4STRok: you went to harass with level 2 death knight
(10:45 / All) aE.GatoRade.SUX: fucking advice
(10:47 / All) TIMG4STRok: and left 3 red fiends to creep
(10:49 / All) TIMG4STRok: by yourself
(10:53 / All) aE.GatoRade.SUX: they were not red
(10:55 / All) aE.GatoRade.SUX: they had
(10:56 / All) TIMG4STRok: with blade ont he map
(10:57 / All) TIMG4STRok: with
(10:57 / All) aE.GatoRade.SUX: full health
(10:58 / All) TIMG4STRok: blade
(10:59 / All) aE.GatoRade.SUX: idiopt
(11:00 / All) TIMG4STRok: on the map
(11:00 / All) aE.GatoRade.SUX: and
(11:02 / All) aE.GatoRade.SUX: 4 skeles
(11:14 / All) TIMG4STRok: she could have killed all 3 if she knew creep patterns
(11:23 / All) aE.GatoRade.SUX: you are so retarded
(11:25 / All) aE.GatoRade.SUX: i wasnt harassing
(11:28 / All) aE.GatoRade.SUX: i was scouting
(11:32 / All) TIMG4STRok: why would you scout
(11:33 / All) aE.GatoRade.SUX: and looking for creep kills
(11:40 / All) TIMG4STRok: here is what orc does every game: bm sh grunt raider
(11:46 / All) aE.GatoRade.SUX: no fucking shit
(11:49 / All) aE.GatoRade.SUX: i know how they play
(11:51 / All) TIMG4STRok: why would you scout then
(11:58 / All) TIMG4STRok: with level 2 death knight
(12:00 / All) aE.GatoRade.SUX: didnt i jus say
(12:01 / All) TIMG4STRok: and leave 3 red fiends.
(12:02 / All) aE.GatoRade.SUX: creep kills
(12:04 / All) aE.GatoRade.SUX: you fucking idiot
(12:08 / All) aE.GatoRade.SUX: the fiends
(12:13 / All) TIMG4STRok: bad decisions
(12:13 / All) TIMG4STRok: no
(12:14 / All) aE.GatoRade.SUX: were in my base
(12:16 / All) aE.GatoRade.SUX: yes they were
(12:18 / All) TIMG4STRok: they were walking back to your base
(12:20 / All) TIMG4STRok: from the creep camp
(12:23 / All) TIMG4STRok: i watched it
(12:28 / All) aE.GatoRade.SUX: obviously
(12:30 / All) aE.GatoRade.SUX: why would i leave
(12:32 / All) TIMG4STRok: replay is on highper.ch, check it out
(12:32 / All) aE.GatoRade.SUX: then in the fucking
(12:34 / All) aE.GatoRade.SUX: middle of the map
(12:38 / All) TIMG4STRok: i dont know
(12:42 / All) aE.GatoRade.SUX: well then
(12:44 / All) aE.GatoRade.SUX: that explain s why
(12:47 / All) aE.GatoRade.SUX: they went back to my base
(12:49 / All) aE.GatoRade.SUX: doesnt it
(12:50 / All) TIMG4STRok: why would you leave them in middle of the map then run away with dk, is something a 50apm noob would do
(12:54 / All) TIMG4STRok: who doesn't understand how to 1v1
(13:00 / All) aE.GatoRade.SUX: lewl
(13:05 / All) aE.GatoRade.SUX: ok buddy
(13:21 / All) aE.GatoRade.SUX: i guess i should just listen
(13:21 / All) aE.GatoRade.SUX: to everything you say
(13:21 / All) TIMG4STRok: you should
(13:27 / All) aE.GatoRade.SUX: cause you were in leauge before
(13:28 / All) TIMG4STRok: im best player you've ever seen probably
(13:29 / All) aE.GatoRade.SUX: and iel